Map: Odyssey LE

Players

Dark - Winner!

  • Race: Zerg Zerg
  • Spawn Location: 5:00

Bunny

  • Race: Terran Terran
  • Spawn Location: 11:00

VOD

Have the link to the VOD?

Description

Time

  • Played on: July 27, 2017, 2 a.m.
  • Length: 19:36
Show
View Real Time Build Order
Export as new Build Order

Dark Zerg - Winner!

Build Orders: Pool First 

Get SALT Encoding   

  12  0:00  Drone  
  13  0:12  Overlord  
  13  0:17  Drone  
  14  0:30  Drone x2  
  17  0:35  Drone  
  17  0:44  Extractor  
  17  0:45  Drone  
  17  0:51  Spawning Pool  
  16  0:57  Drone  
  17  1:07  Drone  
  18  1:19  Hatchery  
  18  1:23  Drone  
  18  1:29  Drone  
  19  1:37  Queen  
  21  1:40  Zergling x2  
  22  1:49  Metabolic Boost  
  22  1:56  Overlord  
  22  2:14  Queen  
  22  2:15  Drone x2  
  26  2:31  Queen  
  26  2:32  Drone  
  26  2:35  Drone  
  30  2:39  Drone  
  31  2:44  Drone  
  31  2:48  Overlord, Drone  
  31  2:49  Drone x2  
  35  2:52  Drone  
  35  3:03  Drone  
  36  3:07  Drone  
  37  3:12  Hatchery  
  37  3:13  Zergling x2  
  37  3:14  Zergling x2  
  38  3:26  Drone x4  
  42  3:29  Drone  
  43  3:38  Overlord  
  43  3:40  Zergling x2  
  44  3:45  Queen, Extractor  
  44  3:46  Extractor  
  44  3:47  Lair  
  44  3:58  Zergling x6  
  44  3:59  Drone x4  
  52  4:02  Drone  
  52  4:05  Baneling Nest  
  52  4:07  Drone  
  52  4:13  Overlord  
  52  4:16  Overlord x2  
  51  4:31  Queen  
  51  4:32  Drone x5  
  51  4:33  Overlord  
  51  4:34  Drone x2  
  51  4:36  Drone  
  51  4:38  Drone  
  62  4:44  Drone  
  63  4:46  Drone  
  63  4:49  Drone  
  65  4:56  Drone  
  65  4:59  Evolution Chamber, Zergling x2  
  65  5:00  Drone x3  
  65  5:01  Drone x2, Evolution Chamber  
  65  5:02  Drone  
  65  5:04  Baneling x3  
  70  5:07  Centrifical Hooks  
  70  5:10  Zergling x4  
  70  5:11  Drone  
  70  5:12  Drone  
  74  5:16  Overlord  
  74  5:21  Drone  
  75  5:25  Drone  
  75  5:27  Zerg Ground Armor Level 1, Zerg Melee Weapons Level 1  
  77  5:28  Drone  
  77  5:30  Drone  
  78  5:38  Hydralisk Den  
  78  5:39  Drone x5  
  78  5:40  Drone, Extractor  
  78  5:41  Drone x2  
  78  5:42  Drone  
  85  5:44  Drone x2, Extractor  
  85  5:45  Extractor  
  85  5:54  Drone  
  86  5:57  Drone  
  86  6:00  Hatchery  
  86  6:03  Overlord  
  87  6:04  Zergling x6  
  87  6:07  Baneling x3  
  87  6:08  Baneling  
  89  6:13  Hatchery  
  89  6:15  Muscular Augments  
  88  6:19  Overlord  
  88  6:20  Overlord, Zergling x2  
  88  6:21  Overlord x2  
  88  6:24  Zergling x6  
  92  6:30  Baneling x4  
  92  6:38  Zergling x2  
  92  6:39  Zergling x10  
  95  6:45  Zergling x2  
  95  6:46  Zergling x2  
  90  6:49  Zergling x2  
  86  6:59  Zergling x6  
  81  7:05  Drone x3  
  79  7:13  Hydralisk  
  79  7:14  Hydralisk x7  
  95  7:22  Zerg Melee Weapons Level 2  
  95  7:23  Zerg Ground Armor Level 2  
  95  7:24  Drone x2  
  95  7:25  Drone  
  98  7:31  Drone x2  
  98  7:33  Drone  
  98  7:35  Drone  
  102  7:38  Drone  
  102  7:41  Hydralisk x2  
  102  7:43  Queen  
  109  7:46  Hydralisk x2  
  109  7:48  Baneling  
  109  7:49  Baneling x3  
  109  7:51  Baneling x3  
  105  8:00  Drone  
  105  8:01  Drone x5  
  111  8:08  Drone  
  111  8:09  Spawning Pool  
  105  8:26  Hydralisk x5  
  109  8:34  Overseer  
  109  8:40  Drone x5  
  114  8:42  Infestation Pit  
  112  8:55  Hydralisk x4  
  111  9:01  Overlord x2  
  111  9:02  Overlord  
  116  9:14  Drone  
  117  9:20  Hydralisk x2  
  117  9:22  Zergling x30  
  117  9:24  Hydralisk x2  
  136  9:29  Hydralisk x2  
  144  9:34  Hatchery  
  143  9:40  Zerg Missile Weapons Level 1  
  143  9:45  Hatchery  
  143  9:47  Overlord x2  
  142  9:52  Baneling  
  142  9:53  Baneling x9  
  142  9:54  Baneling x3  
  142  9:58  Baneling x3  
  142  10:02  Infestor  
  142  10:06  Baneling x3  
  142  10:07  Baneling, Zergling x12  
  143  10:12  Baneling x2  
  149  10:23  Zergling x14  
  131  10:28  Zergling x2  
  131  10:29  Zergling x14  
  131  10:30  Overseer  
  131  10:34  Zergling x2  
  131  10:35  Zergling x6  
  137  10:42  Baneling x3  
  135  10:45  Baneling x2  
  135  10:47  Zergling x2  
  135  10:49  Baneling x3  
  136  10:50  Hive  
  116  11:06  Hydralisk  
  116  11:07  Hydralisk x3  
  116  11:08  Zergling x2  
  116  11:09  Zergling x18  
  116  11:11  Drone  
  128  11:14  Baneling x2  
  128  11:15  Drone  
  128  11:16  Drone  
  128  11:18  Hydralisk  
  130  11:20  Drone  
  133  11:27  Baneling x2  
  133  11:30  Zergling x10  
  133  11:31  Baneling x2  
  138  11:34  Drone x2  
  140  11:45  Infestor x2  
  144  11:47  Baneling x5  
  144  11:48  Overlord  
  144  11:49  Zergling x8  
  147  11:54  Zergling x2  
  147  11:55  Zergling x10  
  153  12:04  Baneling x5  
  153  12:07  Ultralisk Cavern  
  150  12:12  Zergling x2  
  150  12:13  Zergling x20  
  150  12:15  Overlord x2  
  148  12:32  Hatchery  
  148  12:35  Zergling x16  
  134  12:46  Zergling x4  
  136  12:56  Ultralisk x3  
  154  13:02  Baneling x2, Chitinous Plating  
  154  13:04  Zerg Ground Armor Level 3  
  154  13:08  Baneling x2  
  154  13:09  Baneling x3  
  154  13:10  Zergling x10  
  158  13:13  Baneling x2  
  158  13:19  Zerg Melee Weapons Level 3  
  158  13:24  Baneling x2  
  158  13:26  Ultralisk  
  163  13:29  Baneling x2  
  163  13:30  Zergling x10  
  163  13:31  Zergling x4  
  170  13:34  Viper  
  170  13:37  Overlord  
  170  13:38  Overlord  
  171  13:45  Baneling x6  
  150  13:58  Ultralisk x2  
  150  13:59  Zergling x8  
  150  14:01  Zergling x4  
  142  14:07  Zergling x2  
  134  14:11  Overseer x2  
  134  14:15  Zergling x2  
  134  14:16  Zergling x12  
  132  14:21  Zergling x10  
  133  14:24  Baneling  
  120  14:33  Ultralisk  
  120  14:34  Ultralisk  
  120  14:35  Hydralisk  
  120  14:36  Zergling x2  
  133  14:48  Hydralisk x2  
  133  14:50  Zergling x6  
  133  14:51  Drone x2  
  133  14:52  Drone x4  
  144  15:02  Hydralisk  
  146  15:11  Ultralisk, Hydralisk x2  
  146  15:12  Hydralisk  
  157  15:15  Baneling x3  
  157  15:18  Drone x4  
  157  15:22  Zergling x8  
  157  15:27  Infestor x2  
  155  15:44  Hydralisk x3  
  155  15:46  Viper  
  155  15:49  Hatchery  
  163  15:50  Viper  
  166  16:11  Hatchery  
  164  16:14  Zergling x14  
  167  16:30  Ultralisk  
  167  16:31  Zergling x4  
  167  16:32  Zergling x6  
  178  16:38  Baneling  
  178  16:39  Baneling x5  
  178  16:46  Overseer  
  178  16:47  Zergling x2  
  178  16:48  Zergling x4  
  178  16:52  Baneling x2  
  178  16:53  Overlord  
  181  17:01  Baneling, Overlord  
  181  17:11  Hydralisk  
  181  17:12  Hydralisk x2  
  181  17:13  Zerg Missile Weapons Level 2  
  181  17:14  Zergling x4  
  179  17:26  Ultralisk  
  179  17:28  Zergling x6  
  177  17:30  Baneling x3  
  177  17:32  Zergling x6  
  178  17:41  Extractor  
  177  17:44  Zergling x2  
  177  17:45  Zergling x8  
  177  17:48  Zergling x2  
  177  17:50  Spore Crawler  
  182  17:53  Baneling x2  
  182  17:56  Zergling x2  
  182  17:57  Zergling x4  
  183  18:02  Hatchery  
  134  18:17  Ultralisk x2, Zergling x2  
  134  18:18  Zergling x8  
  134  18:19  Zergling x2  
  136  18:23  Zergling x2  
  136  18:24  Zergling x6  
  136  18:26  Zergling x4  
  142  18:29  Zergling x2  
  142  18:31  Zergling x4  
  142  18:32  Zergling x2  
  144  18:35  Zergling x2  
  144  18:40  Zergling x2  
  146  18:43  Zergling x6  
  149  18:52  Zergling x4  
  149  18:54  Zergling x10  
  145  18:56  Zergling x8  
  145  18:59  Zergling x6  
  145  19:02  Zergling x2  
  128  19:05  Zergling x6  
  128  19:07  Zergling x2  
  126  19:13  Zergling x6  
Show
View Real Time Build Order
Export as new Build Order

Bunny Terran 

Build Orders: Hellion Opening, Reaper Expand, MMM Bio 

Get SALT Encoding   

  12  0:00  SCV  
  13  0:12  SCV  
  14  0:17  Supply Depot  
  14  0:24  SCV  
  14  0:27  Refinery  
  15  0:38  SCV  
  16  0:43  Barracks  
  16  0:50  SCV  
  17  1:02  SCV  
  18  1:14  SCV  
  19  1:31  Reaper, Orbital Command  
  20  1:41  Command Center  
  20  1:52  Factory  
  20  1:56  SCV  
  21  2:05  Barracks Reactor  
  21  2:07  Supply Depot  
  21  2:08  SCV  
  21  2:14  Refinery  
  22  2:20  SCV  
  23  2:32  SCV  
  24  2:40  Starport  
  24  2:44  SCV  
  24  2:45  Hellion x2  
  29  2:53  Orbital Command  
  29  2:57  SCV  
  30  3:06  Hellion  
  30  3:07  Hellion, Barracks Tech Lab  
  30  3:11  SCV  
  35  3:20  Viking  
  35  3:22  SCV  
  35  3:23  SCV  
  39  3:31  Hellion  
  41  3:34  SCV, Hellion  
  41  3:40  SCV  
  45  3:41  Supply Depot  
  45  3:46  SCV  
  46  4:02  Command Center  
  46  4:03  SCV  
  46  4:06  SCV  
  49  4:15  SCV  
  47  4:18  SCV  
  47  4:19  Barracks  
  47  4:20  Barracks  
  47  4:23  Factory Reactor  
  48  4:27  SCV  
  48  4:30  Engineering Bay  
  48  4:31  Engineering Bay, Starport Reactor  
  49  4:33  Stimpack  
  49  4:35  SCV  
  50  4:39  SCV  
  50  4:42  Supply Depot, Marine  
  52  4:49  SCV  
  52  4:51  SCV  
  54  4:57  Terran Infantry Armor Level 1, Terran Infantry Weapons Level 1  
  54  4:59  Refinery  
  54  5:00  Refinery  
  54  5:04  SCV  
  54  5:05  SCV  
  56  5:07  Supply Depot  
  56  5:09  Factory Reactor  
  56  5:12  Marine x2  
  56  5:13  Marine  
  59  5:16  Orbital Command  
  59  5:17  Marine x2  
  61  5:24  Medivac  
  61  5:25  Medivac  
  61  5:26  SCV x2  
  65  5:30  Marine x2  
  65  5:31  Marine  
  65  5:34  Marine  
  65  5:35  Marine  
  70  5:37  Barracks  
  70  5:41  Barracks  
  70  5:44  Orbital Command  
  70  5:45  SCV x2  
  72  5:53  Supply Depot  
  72  5:55  Marine x5  
  77  6:03  SCV x2  
  79  6:12  Medivac x2  
  79  6:13  Marine x2  
  79  6:14  Marine x3  
  79  6:15  SCV x3  
  79  6:16  Supply Depot  
  91  6:27  SCV  
  91  6:29  Armory  
  91  6:31  Supply Depot, Barracks Reactor x2  
  92  6:34  SCV  
  92  6:38  SCV  
  92  6:39  SCV  
  95  6:40  Marine x5  
  100  6:52  Medivac  
  102  6:54  Widow Mine x2  
  102  6:55  Medivac  
  102  6:58  Marine x4  
  102  7:00  SCV x2  
  102  7:01  SCV  
  92  7:11  Marine x5  
  92  7:15  Supply Depot, Barracks x2  
  95  7:17  Supply Depot, Terran Infantry Weapons Level 2  
  95  7:20  Barracks  
  95  7:21  Terran Infantry Armor Level 2  
  95  7:27  SCV x3  
  95  7:29  Marauder, Combat Shields  
  100  7:38  Marine x6  
  100  7:41  Refinery  
  100  7:42  Marine x2, Liberator  
  100  7:43  Widow Mine, Liberator  
  110  7:45  Widow Mine  
  110  7:49  Marine  
  113  7:56  Marine x4  
  117  8:03  Barracks Tech Lab  
  117  8:04  Barracks Reactor  
  122  8:05  Marine  
  122  8:08  Marauder  
  119  8:19  SCV x3  
  110  8:25  Marine x5, Liberator  
  110  8:26  Marauder  
  110  8:27  Barracks Tech Lab  
  115  8:29  Marauder  
  114  8:35  Marine x3  
  114  8:36  Widow Mine x2  
  121  8:43  Marine  
  121  8:47  Supply Depot x3  
  121  8:48  Supply Depot  
  125  8:51  Liberator  
  125  9:05  SCV, Marine  
  125  9:07  SCV, Marine  
  125  9:08  Marine x3  
  125  9:09  SCV, Marauder x3  
  138  9:15  Widow Mine  
  138  9:16  Widow Mine  
  141  9:22  Marine x5  
  146  9:25  Medivac  
  146  9:30  Marauder x2  
  152  9:34  Concussive Shells  
  152  9:35  Marine x2, Marauder  
  156  9:40  Marine  
  157  9:47  Supply Depot  
  157  9:48  Marine x4  
  157  9:50  Supply Depot  
  157  9:52  Supply Depot  
  161  9:56  Marauder x2  
  165  10:09  Marine x2  
  165  10:11  Marauder  
  165  10:13  Marine  
  160  10:18  Marauder  
  160  10:21  Marauder  
  158  10:25  Marine  
  158  10:27  SCV x3  
  158  10:28  Marine x2  
  122  10:32  Marauder  
  122  10:33  Marine  
  122  10:34  Marine x2  
  114  10:36  Marine x4  
  114  10:39  Marauder  
  114  10:42  Marauder  
  121  10:43  Medivac  
  123  10:52  Marine  
  123  10:54  Marauder  
  122  11:00  Marine  
  122  11:01  Marauder  
  117  11:04  Unknown  
  117  11:08  Marauder  
  117  11:10  Medivac  
  113  11:12  Medivac  
  113  11:15  Marauder  
  117  11:19  Terran Infantry Weapons Level 3, Terran Infantry Armor Level 3  
  117  11:27  SCV x2  
  119  11:39  Marauder x2  
  123  11:40  Orbital Command, Medivac  
  123  11:41  Marine  
  123  11:42  Medivac  
  123  11:43  Marine  
  123  11:46  Marine x2  
  131  11:48  Marine  
  131  11:50  Marine  
  133  11:56  Marauder  
  133  12:00  Marauder  
  136  12:04  Marine  
  137  12:10  Marine  
  137  12:11  Marine x3  
  141  12:17  Marauder  
  141  12:18  Marine x5, Marauder  
  141  12:21  Marine  
  138  12:32  Marine  
  138  12:33  Marine x4  
  133  12:38  Marauder  
  133  12:39  Marauder, Medivac  
  133  12:40  Marauder, Medivac  
  128  12:44  Marine x3  
  131  12:53  Liberator  
  131  12:58  Marine x7  
  132  13:00  Marauder x2  
  132  13:01  Marauder  
  132  13:02  Marine x2, Widow Mine x2  
  152  13:16  Refinery x2  
  152  13:19  Marine x6  
  158  13:20  Marine x3  
  158  13:21  Marauder  
  158  13:22  Marauder  
  158  13:23  SCV  
  158  13:24  SCV x2  
  168  13:29  Marauder  
  169  13:42  Marauder  
  169  13:43  Marine x5, Marauder  
  169  13:44  Marine x5  
  169  13:45  Liberator  
  169  13:48  Supply Depot  
  183  13:50  Marauder, Liberator  
  165  14:01  Marine x2  
  129  14:04  Marauder  
  129  14:05  Marauder  
  129  14:07  Marine  
  135  14:11  Marauder  
  129  14:17  Marine x4  
  129  14:20  Marine  
  132  14:25  Marauder  
  132  14:26  Marauder  
  132  14:28  Liberator  
  132  14:30  Marine  
  127  14:32  Marine x2, Liberator  
  127  14:33  Marauder  
  130  14:39  Marine  
  130  14:40  Marine  
  118  14:50  Marine, Marauder  
  118  14:51  Marine x3, Marauder  
  113  14:58  Marine x5  
  117  15:09  Marauder  
  117  15:12  Marine, Marauder  
  121  15:19  Marine x5  
  126  15:27  Marauder, Medivac  
  129  15:29  Marine  
  129  15:30  Marauder  
  129  15:32  Medivac  
  134  15:35  Marine  
  134  15:36  Marine  
  134  15:40  Marauder  
  133  15:44  Marine x3  
  133  15:48  Marauder  
  138  15:52  Marauder, Sensor Tower  
  140  15:57  Medivac  
  140  16:01  Marine x2, Marauder  
  140  16:02  Marine, Medivac  
  149  16:10  Marauder  
  150  16:14  Marauder  
  150  16:15  Marine x3, Liberator x2  
  154  16:22  Marine x2  
  154  16:23  Marine, Marauder  
  162  16:34  Marine x3, Marauder  
  162  16:35  Marauder  
  172  16:42  Marine x3  
  172  16:44  Marine, Marauder  
  176  17:03  Marine x4, Marauder x2  
  176  17:04  Liberator  
  176  17:05  Marine x3, Marauder  
  176  17:06  Liberator  
  188  17:24  Orbital Command  
  175  17:33  Marauder  
  175  17:34  Marauder x2  
  179  17:40  Marine x7  
  186  17:56  Sensor Tower  
  186  18:05  Marauder x3  
  182  18:07  Medivac  
  182  18:10  Liberator  
  101  18:20  Marine x2  
  101  18:26  Marauder  
  101  18:27  Marauder  
  101  18:28  Marine x2  
  101  18:37  Marauder  
  101  18:38  Marine x4  
  102  18:42  Marine  
  102  18:48  Marauder x2  
  107  18:50  Marine x2  
  57  19:03  Marine  
  57  19:04  Marine  
  57  19:06  Marine  
Tags
 
Add a new tag
Caveats
  • Supply blocks, unpowered buildings, or Contaminate may cause inaccurate times.
  • Supply counts are checked every 10 seconds.